Map: Dusk Towers

Players

capac - Winner!

  • Race: Terran Terran
  • League: Gold

SteelPlague

  • Race: Zerg Zerg
  • League: Silver

VOD

Have the link to the VOD?

Description

Time

  • Played on: April 14, 2016, 1:49 p.m.
  • Length: 16:20
Show
View Real Time Build Order
Export as new Build Order

capac Terran - Winner!

Build Orders: MMM Bio 

Get SALT Encoding   

  12  0:00  SCV  
  13  0:13  SCV  
  14  0:19  Supply Depot  
  14  0:26  SCV  
  15  0:41  SCV  
  16  0:43  Barracks  
  16  0:47  Refinery  
  16  0:53  SCV  
  17  1:05  SCV  
  18  1:17  SCV  
  20  1:33  Reaper  
  20  1:35  Orbital Command  
  20  1:42  Command Center  
  20  1:56  Supply Depot  
  20  2:11  Marine  
  21  2:18  Factory  
  21  2:21  Barracks  
  21  2:23  SCV  
  21  2:27  Refinery  
  22  2:30  Barracks Reactor  
  22  2:36  SCV  
  23  2:48  SCV  
  24  2:56  Orbital Command  
  24  3:00  SCV  
  25  3:09  Marine x2  
  25  3:10  Barracks Tech Lab  
  25  3:12  SCV  
  28  3:13  Starport, Factory Tech Lab  
  28  3:24  Barracks, SCV  
  28  3:25  SCV  
  30  3:29  Marine x2  
  32  3:45  SCV  
  32  3:48  Siege Tank  
  35  3:54  Marine x3  
  38  3:56  Stimpack  
  38  4:00  Refinery, SCV  
  39  4:12  Medivac  
  39  4:14  Marine x4  
  45  4:18  Supply Depot  
  45  4:26  SCV  
  46  4:35  Marine x4  
  46  4:36  SCV  
  51  4:42  Starport Reactor  
  51  4:43  Siege Tank  
  51  4:44  SCV  
  55  4:48  SCV  
  55  4:57  SCV  
  56  5:00  SCV  
  57  5:07  Marine  
  57  5:08  Marine x3  
  57  5:09  SCV  
  62  5:20  Supply Depot  
  62  5:25  Command Center  
  62  5:37  Barracks Reactor  
  62  5:41  SCV x2  
  64  5:43  Barracks  
  64  5:45  Medivac x2  
  64  5:49  Barracks  
  68  5:50  Supply Depot  
  68  5:53  SCV x2  
  70  5:57  Refinery  
  70  6:01  Combat Shields  
  70  6:12  Siege Tank, SCV x2  
  70  6:15  Supply Depot  
  70  6:16  Supply Depot  
  75  6:24  SCV  
  75  6:52  Marine x3  
  75  6:53  Barracks Reactor  
  77  6:57  Siege Tank  
  77  6:58  Medivac x2  
  77  6:59  SCV x2  
  77  7:00  Barracks Reactor  
  86  7:06  Barracks  
  86  7:08  Marine x2  
  87  7:09  Marine  
  87  7:11  SCV  
  90  7:19  SCV  
  91  7:23  SCV  
  91  7:24  Marine x2  
  91  7:26  Marine x2  
  91  7:29  Supply Depot  
  96  7:31  Supply Depot, SCV  
  96  7:35  Supply Depot, SCV  
  98  7:44  Marauder  
  98  7:45  SCV  
  98  7:46  Orbital Command  
  98  7:47  SCV  
  102  8:00  Siege Tank  
  102  8:01  Marine x4  
  102  8:02  Marine x3  
  102  8:03  Marine  
  113  8:06  Supply Depot  
  113  8:14  SCV x3  
  113  8:17  Concussive Shells  
  113  8:19  Marauder, Marine x2  
  119  8:20  Marine  
  119  8:21  Marine  
  122  8:32  Refinery x2  
  122  8:37  Starport  
  122  8:38  Barracks Reactor  
  122  8:41  Barracks  
  122  8:42  Marine x5  
  122  8:43  Marine  
  122  8:44  SCV  
  122  8:45  SCV x2  
  131  8:52  Medivac  
  131  8:53  Medivac  
  135  8:57  SCV x2  
  135  8:58  SCV  
  138  9:03  Supply Depot  
  138  9:04  Supply Depot  
  138  9:09  SCV  
  139  9:10  Engineering Bay x2  
  139  9:14  SCV x2  
  141  9:24  Marine x6  
  141  9:25  Marauder, Marine x2  
  141  9:26  Marine x2, SCV x2  
  141  9:27  Supply Depot  
  141  9:28  Supply Depot  
  155  9:36  Barracks Tech Lab  
  155  9:37  Armory  
  155  9:40  Barracks  
  155  9:56  Marauder, Liberator x2  
  155  9:57  Marine x5  
  155  9:58  Marine x3  
  155  9:59  Marine  
  165  10:00  Marine  
  165  10:03  Supply Depot  
  165  10:05  Supply Depot  
  167  10:07  Terran Infantry Weapons Level 1, Terran Infantry Armor Level 1  
  173  10:19  Starport Reactor  
  173  10:25  Marauder  
  173  10:26  Supply Depot  
  173  10:28  Terran Ship Weapons Level 1  
  172  10:38  Liberator  
  172  10:39  Liberator, Missile Turret  
  172  10:40  Missile Turret  
  172  10:41  Missile Turret  
  172  10:42  Missile Turret  
  172  10:46  Marauder  
  172  10:49  Missile Turret  
  174  10:51  Missile Turret  
  148  11:08  Liberator x2  
  122  11:21  Liberator  
  125  11:25  Liberator  
  122  11:51  Liberator x2  
  116  11:55  Marine x7  
  116  11:56  Marine x3  
  116  11:57  Marine  
  123  12:04  Liberator  
  123  12:08  Liberator  
  123  12:12  Marine x2  
  123  12:13  Supply Depot, Marine x6  
  134  12:16  Starport  
  137  12:23  SCV x3  
  137  12:28  Missile Turret x2  
  143  12:31  Marine x6  
  143  12:32  Marine x4  
  143  12:34  Liberator  
  143  12:35  SCV  
  154  12:39  Barracks Tech Lab  
  154  12:45  SCV x2  
  162  12:57  Starport Reactor  
  162  12:59  Fusion Core  
  162  13:00  Liberator  
  162  13:01  Liberator  
  162  13:03  Terran Infantry Weapons Level 2  
  162  13:04  Terran Infantry Armor Level 2  
  162  13:06  Liberator  
  167  13:25  Marine x2  
  167  13:26  Marine x6  
  167  13:27  Marine x2  
  181  13:43  Liberator x2  
  181  13:44  Liberator  
  178  13:58  Liberator  
  187  14:05  Advanced Ballistics  
  187  14:16  Marine x5  
  187  14:17  Marine x4  
  199  14:29  Marine  
  200  15:24  Command Center  
  200  15:26  Command Center  
  200  15:29  Command Center  
  200  15:47  Factory Tech Lab  
Show
View Real Time Build Order
Export as new Build Order

SteelPlague Zerg 

Build Orders: Pool First 

Get SALT Encoding   

  12  0:01  Drone  
  13  0:11  Drone  
  14  0:17  Overlord  
  14  0:32  Extractor  
  14  0:33  Drone  
  14  0:36  Drone x2  
  16  0:46  Drone  
  17  0:54  Spawning Pool  
  16  0:58  Drone  
  17  1:07  Drone  
  18  1:32  Hatchery  
  17  1:39  Extractor  
  16  1:40  Drone x2  
  18  1:50  Drone  
  19  1:55  Queen  
  22  2:06  Metabolic Boost  
  21  2:17  Drone  
  21  2:18  Overlord  
  22  2:27  Roach Warren  
  21  2:32  Drone  
  22  2:38  Drone  
  22  2:39  Drone  
  24  2:44  Queen  
  26  2:51  Extractor  
  26  2:57  Overlord  
  25  3:07  Roach x2  
  29  3:16  Drone x2  
  31  4:01  Overlord x2  
  31  4:02  Roach x5  
  41  4:05  Hatchery  
  40  4:13  Lair  
  40  4:21  Drone x2  
  42  4:39  Drone x2  
  42  4:40  Drone x5  
  49  4:48  Drone x2  
  49  4:49  Drone x3  
  50  5:15  Roach x2  
  50  5:16  Overlord, Roach  
  50  5:18  Extractor, Glial Reconstitution  
  55  5:30  Overseer  
  55  5:33  Extractor  
  54  5:37  Spore Crawler  
  54  5:41  Spore Crawler  
  54  5:42  Drone x2  
  54  5:43  Drone x3  
  54  5:44  Drone x6  
  54  5:47  Queen  
  65  6:06  Infestation Pit  
  62  6:57  Overlord, Roach x2  
  62  6:58  Queen, Overlord  
  62  6:59  Drone  
  62  7:00  Drone  
  70  7:06  Spore Crawler  
  69  7:16  Spine Crawler  
  69  7:22  Spire  
  67  7:24  Roach x2  
  67  7:25  Roach x3  
  67  7:26  Infestor  
  67  7:27  Infestor  
  81  8:02  Overlord x3  
  81  8:10  Roach x4  
  81  8:11  Overlord x2  
  81  8:12  Overlord x2  
  89  8:15  Extractor  
  88  8:20  Spine Crawler, Extractor  
  86  8:31  Overlord, Roach x6  
  86  8:32  Overlord x2  
  86  8:33  Overlord x3  
  102  8:34  Roach x3  
  104  8:43  Evolution Chamber  
  104  8:46  Evolution Chamber  
  102  8:48  Overlord x2  
  102  9:15  Mutalisk x4  
  102  9:16  Mutalisk x2  
  114  9:19  Zergling x2  
  114  9:20  Zergling x12  
  114  9:21  Zergling x2  
  122  9:25  Zerg Missile Weapons Level 1  
  122  9:42  Roach  
  122  9:43  Roach x7  
  138  10:07  Hive  
  138  10:09  Overlord, Drone x6  
  64  11:12  Mutalisk x8  
  64  11:13  Mutalisk x3  
  73  11:34  Spine Crawler  
  73  11:35  Spine Crawler  
  63  11:47  Roach x2  
  63  11:48  Roach x4  
  75  12:21  Hatchery  
  75  12:22  Roach x4  
  84  12:23  Roach x2  
  84  12:28  Extractor  
  84  12:29  Hatchery  
  84  12:35  Drone x2  
  86  13:12  Viper  
  86  13:16  Extractor  
  88  13:32  Viper  
  88  13:33  Zergling x2  
  92  13:34  Zergling x10  
  92  13:35  Zergling x6  
  100  13:49  Zerg Missile Weapons Level 2  
  100  14:05  Roach x3  
  100  14:06  Overlord x2, Roach x3  
  112  14:16  Overlord x2  
  112  14:20  Overlord, Roach x5  
  112  14:21  Roach  
  124  15:03  Roach  
  124  15:04  Corruptor  
  124  15:05  Corruptor x4  
  136  15:07  Zergling x6  
  136  15:08  Zergling x10  
  144  15:14  Drone  
  144  15:15  Drone  
  146  15:49  Roach x6  
  160  15:50  Roach  
Tags
 
Composition
MMM Bio
Matchup
TvZ
Opening
Pool First
Add a new tag
Caveats
  • Supply blocks, unpowered buildings, or Contaminate may cause inaccurate times.
  • Supply counts are checked every 10 seconds.